SAAA
TREMONT DOUBLEDAYS @ TORTOLITA DRUMMERS
08/12/2030
 
TOP OF THE 1ST
Tremont Doubledays batting - Pitching for Tortolita Drummers : LHP Francisco Burgos
Pitching: LHP Francisco Burgos
Batting: RHB Jesús Quintana 0-0: Called Strike
0-1: Swinging Strike
0-2: Ball
1-2: Ground out 5-3 (Groundball, 56S)
Batting: LHB Denis Jerningham 0-0: Ball
1-0: Swinging Strike
1-1: Ball
2-1: Swinging Strike
2-2: Strikes out looking
Batting: RHB Sang Hong-Do 0-0: Ball
1-0: Ball
2-0: Fly out, F9 (Line Drive, 9D)
Top of the 1st over - 0 runs, 0 hits, 0 errors, 0 left on base; Tremont 0 - Tortolita 0
BOTTOM OF THE 1ST
Tortolita Drummers batting - Pitching for Tremont Doubledays : LHP Mathieu Neri
Pitching: LHP Mathieu Neri
Batting: RHB Jeb Sexton 0-0: Called Strike
0-1: Ball
1-1: Called Strike
1-2: Strikes out looking
Batting: RHB Jesús Cisneros 0-0: Ball
1-0: Ball
2-0: Ball
3-0: Called Strike
3-1: Base on Balls
Batting: RHB Miguel Canales 0-0: DOUBLE (Line Drive, 89D)
Jesús Cisneros to third
Batting: RHB Ricardo Pacheco 0-0: Ball
1-0: Ball
2-0: Ball
3-0: Called Strike
3-1: Base on Balls
Batting: LHB Steve Costillo 0-0: Ball
1-0: Ball
2-0: Foul Ball, location: 2F
2-1: Foul Ball, location: 2F
2-2: SINGLE (Line Drive, 56D)
Jesús Cisneros scores
Miguel Canales to third
Ricardo Pacheco to second
Batting: RHB Jim Burch 0-0: Ball
1-0: Ball
2-0: Foul Ball, location: 2F
2-1: Hit by Pitch
Miguel Canales scores
Ricardo Pacheco to third
Steve Costillo to second
Batting: SHB Cash Masters 0-0: SINGLE (Groundball, 56D)
Ricardo Pacheco scores
Steve Costillo to third
Jim Burch to second
Runner from 3rd tries for Home, SAFE, no throw
Batting: SHB Anthony Hopkins 0-0: Ball
1-0: Called Strike
1-1: Foul Ball, location: 2F
1-2: Strikes out swinging
Batting: RHB Santo Alba 0-0: Ball
1-0: Ball
2-0: Ball
3-0: Called Strike
3-1: Foul Ball, location: 2F
3-2: Base on Balls
Jim Burch to third
Cash Masters to second
Batting: RHB Jeb Sexton 0-0: Ball
1-0: Called Strike
1-1: Foul Ball, location: 2F
1-2: Ball
2-2: Foul Ball, location: 2F
2-2: Ball
3-2: Foul Ball, location: 2F
3-2: Foul Ball, location: 2F
3-2: Foul Ball, location: 2F
3-2: Base on Balls
Jim Burch scores
Cash Masters to third
Santo Alba to second
Batting: RHB Jesús Cisneros 0-0: Called Strike
0-1: Foul Ball, location: 2F
0-2: Strikes out swinging
Bottom of the 1st over - 5 runs, 3 hits, 0 errors, 3 left on base; Tremont 0 - Tortolita 5
TOP OF THE 2ND
Tremont Doubledays batting - Pitching for Tortolita Drummers : LHP Francisco Burgos
Batting: RHB Andrés Gonzáles 0-0: Foul Ball, location: 2F
0-1: Swinging Strike
0-2: Ball
1-2: Foul Ball, location: 2F
1-2: Strikes out looking
Batting: RHB Martín Méndez 0-0: Swinging Strike
0-1: Ball
1-1: Swinging Strike
1-2: Strikes out looking
Batting: RHB Jack Davis 0-0: Ball
1-0: Foul Ball, location: 2F
1-1: Called Strike
1-2: Strikes out swinging
Top of the 2nd over - 0 runs, 0 hits, 0 errors, 0 left on base; Tremont 0 - Tortolita 5
BOTTOM OF THE 2ND
Tortolita Drummers batting - Pitching for Tremont Doubledays : LHP Mathieu Neri
Batting: RHB Miguel Canales 0-0: Ground out 6-3 (Groundball, 6)
Batting: RHB Ricardo Pacheco 0-0: Called Strike
0-1: Ball
1-1: SINGLE (Line Drive, 7LS)
Batting: LHB Steve Costillo 0-0: Called Strike
0-1: DOUBLE (Groundball, 3L)
Ricardo Pacheco to third
Batting: RHB Jim Burch 0-0: Fly out, F9 (Flyball, 9S)
Runner from 3rd tags up, SCORES, throw made
Batting: SHB Cash Masters 0-0: Called Strike
0-1: Foul Ball, location: 2F
0-2: Ball
1-2: Strikes out looking
Bottom of the 2nd over - 1 run, 2 hits, 0 errors, 1 left on base; Tremont 0 - Tortolita 6
TOP OF THE 3RD
Tremont Doubledays batting - Pitching for Tortolita Drummers : LHP Francisco Burgos
Batting: RHB Arturo Morales 0-0: Called Strike
0-1: Swinging Strike
0-2: Ground out 5-3 (Groundball, 56S)
Batting: RHB Max Berman 0-0: Foul Ball, location: 2F
0-1: Called Strike
0-2: Ball
1-2: Foul Ball, location: 2F
1-2: Strikes out swinging
Batting: RHB Sheldon Deshotels 0-0: Ball
1-0: Ball
2-0: Called Strike
2-1: Ball
3-1: Base on Balls
Batting: RHB Jesús Quintana 0-0: Ball
Throwing error on steal attempt, E2
Sheldon Deshotels to third
1-0: Foul Ball, location: 2F
1-1: Ball
2-1: Foul Ball, location: 2F
2-2: Ball
3-2: Strikes out swinging
Top of the 3rd over - 0 runs, 0 hits, 1 error, 1 left on base; Tremont 0 - Tortolita 6
BOTTOM OF THE 3RD
Tortolita Drummers batting - Pitching for Tremont Doubledays : LHP Mathieu Neri
Batting: SHB Anthony Hopkins 0-0: Ball
1-0: Fly out, F4 (Popup, 4MS)
Batting: RHB Santo Alba 0-0: Called Strike
0-1: Foul Ball, location: 2F
0-2: Ball
1-2: Foul Ball, location: 2F
1-2: Single, Error in OF, E9, batter to second base
Batting: RHB Jeb Sexton 0-0: Foul Ball, location: 2F
0-1: Ball
1-1: Ball
2-1: Swinging Strike
2-2: Strikes out swinging
Batting: RHB Jesús Cisneros 0-0: Foul Ball, location: 2F
0-1: Fly out, F9 (Line Drive, 9)
Bottom of the 3rd over - 0 runs, 1 hit, 1 error, 1 left on base; Tremont 0 - Tortolita 6
TOP OF THE 4TH
Tremont Doubledays batting - Pitching for Tortolita Drummers : LHP Francisco Burgos
Batting: LHB Denis Jerningham 0-0: Foul Ball, location: 2F
0-1: Ball
1-1: Ball
2-1: Ball
3-1: Foul Ball, location: 2F
3-2: Foul Ball, location: 2F
3-2: Base on Balls
Batting: RHB Sang Hong-Do 0-0: Fly out, F8 (Flyball, 89M)
Batting: RHB Andrés Gonzáles 0-0: Called Strike
0-1: Ball
1-1: Ball
2-1: Swinging Strike
2-2: Ball
3-2: Base on Balls
Denis Jerningham to second
Batting: RHB Martín Méndez 0-0: Swinging Strike
0-1: Ground out U3 (Groundball, 3S)
Denis Jerningham to third
Andrés Gonzáles to second
Batting: RHB Jack Davis 0-0: Foul Ball, location: 2F
0-1: Called Strike
0-2: Ball
1-2: Strikes out swinging
Top of the 4th over - 0 runs, 0 hits, 0 errors, 2 left on base; Tremont 0 - Tortolita 6
BOTTOM OF THE 4TH
Tortolita Drummers batting - Pitching for Tremont Doubledays : LHP Mathieu Neri
Batting: RHB Miguel Canales 0-0: Fly out, F7 (Flyball, 7)
Batting: RHB Ricardo Pacheco 0-0: Ball
1-0: Ball
2-0: Ball
3-0: Called Strike
3-1: SINGLE (Groundball, 4MD)
Batting: LHB Steve Costillo 0-0: Called Strike
0-1: Ball
1-1: Ball
2-1: Ball
3-1: Foul Ball, location: 2F
3-2: SINGLE (Flyball, 8LS)
Ricardo Pacheco to second
Runner from 2nd tries for 3rd, SAFE, no throw
Batting: RHB Jim Burch 0-0: Ball
1-0: Foul Ball, location: 2F
1-1: Ball
2-1: Ball
3-1: SINGLE (Groundball, 6D)
Ricardo Pacheco scores
Steve Costillo to second
Batting: SHB Cash Masters 0-0: Ball
1-0: Foul Ball, location: 2F
1-1: Ball
2-1: Foul Ball, location: 2F
2-2: Fly out, F5 (Line Drive, 56)
Batting: SHB Anthony Hopkins 0-0: Ball
1-0: Called Strike
1-1: Fly out, F8 (Flyball, 8LD)
Bottom of the 4th over - 1 run, 3 hits, 0 errors, 2 left on base; Tremont 0 - Tortolita 7
TOP OF THE 5TH
Tremont Doubledays batting - Pitching for Tortolita Drummers : LHP Francisco Burgos
Batting: RHB Arturo Morales 0-0: Ground out 6-3 (Groundball, 6S)
Batting: RHB Max Berman 0-0: Swinging Strike
0-1: Foul Ball, location: 2F
0-2: Ball
1-2: Fly out, F8 (Flyball, 8RD)
Batting: RHB Sheldon Deshotels 0-0: Ball
1-0: Ball
2-0: Foul Ball, location: 2F
2-1: SINGLE (Groundball, 4MD)
Batting: RHB Jesús Quintana 0-0: Called Strike
0-1: Called Strike
0-2: Strikes out swinging
Top of the 5th over - 0 runs, 1 hit, 0 errors, 1 left on base; Tremont 0 - Tortolita 7
BOTTOM OF THE 5TH
Tortolita Drummers batting - Pitching for Tremont Doubledays : LHP Mathieu Neri
Batting: RHB Santo Alba 0-0: Called Strike
0-1: Swinging Strike
0-2: Foul Ball, location: 2F
0-2: Ball
1-2: Strikes out swinging, 2-3 out at first.
Batting: RHB Jeb Sexton 0-0: Called Strike
0-1: Called Strike
0-2: DOUBLE (Line Drive, 78M)
Pitching: RHP Carlos Costello
Batting: RHB Jesús Cisneros 0-0: Called Strike
0-1: Swinging Strike
0-2: Ball
1-2: Ball
2-2: SINGLE (Groundball, 34S) (infield hit)
Jeb Sexton to third
Batting: RHB Miguel Canales 0-0: Ball
Jesús Cisneros steals 2nd base
1-0: Ball
2-0: DOUBLE (Line Drive, 7LM)
Jeb Sexton scores
Jesús Cisneros scores
Batting: RHB Ricardo Pacheco 0-0: Called Strike
0-1: Foul Ball, location: 2F
0-2: Strikes out swinging
Batting: LHB Steve Costillo 0-0: Called Strike
0-1: Ball
1-1: Ball
2-1: Foul Ball, location: 2F
2-2: Ball
3-2: Base on Balls
Batting: RHB Jim Burch 0-0: Ball
1-0: Called Strike
1-1: 3-RUN HOME RUN (Flyball, 7D), Distance : 355 ft
Batting: SHB Cash Masters 0-0: Called Strike
0-1: Swinging Strike
0-2: Strikes out swinging
Bottom of the 5th over - 5 runs, 4 hits, 0 errors, 0 left on base; Tremont 0 - Tortolita 12
TOP OF THE 6TH
Tremont Doubledays batting - Pitching for Tortolita Drummers : LHP Francisco Burgos
Batting: LHB Denis Jerningham 0-0: Ball
1-0: Ground out 5-3 (Groundball, 5S)
Batting: RHB Sang Hong-Do 0-0: Ball
1-0: Fly out, F8 (Flyball, 8RD)
Batting: RHB Andrés Gonzáles 0-0: Ball
1-0: Fly out, F4 (Popup, 4MD)
Top of the 6th over - 0 runs, 0 hits, 0 errors, 0 left on base; Tremont 0 - Tortolita 12
BOTTOM OF THE 6TH
Tortolita Drummers batting - Pitching for Tremont Doubledays : RHP Carlos Costello
Batting: SHB Anthony Hopkins 0-0: Ball
1-0: Foul Ball, location: 2F
1-1: Called Strike
1-2: DOUBLE (Flyball, 7LM)
Batting: RHB Santo Alba 0-0: Called Strike
0-1: Ground out 1-3 (Groundball, 13)
Anthony Hopkins to third
Batting: RHB Jeb Sexton 0-0: Fly out, F7 (Flyball, 7D)
Runner from 3rd tags up, SCORES, throw made
Pinch Hitting: LHB Bernardo Elías 0-0: Foul Ball, location: 2F
0-1: Ball
1-1: Ball
2-1: Foul Ball, location: 2F
2-2: Ball
3-2: Base on Balls
Batting: RHB Miguel Canales 0-0: Ball
1-0: Fly out, F5 (Line Drive, 5S)
Bottom of the 6th over - 1 run, 1 hit, 0 errors, 1 left on base; Tremont 0 - Tortolita 13
TOP OF THE 7TH
Tremont Doubledays batting - Pitching for Tortolita Drummers : LHP Francisco Burgos
Now in RF: Bernardo Elías
Batting: RHB Martín Méndez 0-0: Swinging Strike
0-1: Ball
1-1: Foul Ball, location: 2F
1-2: Ball
2-2: Strikes out swinging
Batting: RHB Jack Davis 0-0: Foul Ball, location: 2F
0-1: Ball
1-1: Ball
2-1: Ground out 4-3 (Groundball, 34)
Batting: RHB Arturo Morales 0-0: Ball
1-0: Ball
2-0: Fly out, F7 (Flyball, 78D)
Top of the 7th over - 0 runs, 0 hits, 0 errors, 0 left on base; Tremont 0 - Tortolita 13
BOTTOM OF THE 7TH
Tortolita Drummers batting - Pitching for Tremont Doubledays : RHP Carlos Costello
Batting: RHB Ricardo Pacheco 0-0: Called Strike
0-1: Ball
1-1: Ball
2-1: Foul Ball, location: 2F
2-2: Ball
3-2: Fly out, F8 (Flyball, 8RM)
Batting: LHB Steve Costillo 0-0: Swinging Strike
0-1: Ground out 5-3 (Groundball, 56)
Batting: RHB Jim Burch 0-0: Ball
1-0: Fly out, F7 (Flyball, 7D)
Bottom of the 7th over - 0 runs, 0 hits, 0 errors, 0 left on base; Tremont 0 - Tortolita 13
TOP OF THE 8TH
Tremont Doubledays batting - Pitching for Tortolita Drummers : LHP Francisco Burgos
Batting: RHB Max Berman 0-0: Ball
1-0: Called Strike
1-1: SINGLE (Groundball, 34D)
Batting: RHB Sheldon Deshotels 0-0: Ball
1-0: Called Strike
1-1: SINGLE (Groundball, 56D)
Max Berman to second
Batting: RHB Jesús Quintana 0-0: Ball
1-0: Ball
2-0: Ball
3-0: Called Strike
3-1: Base on Balls
Max Berman to third
Sheldon Deshotels to second
Pitching: RHP Brad Cunnick
Batting: LHB Denis Jerningham 0-0: Ball
1-0: Ball
2-0: Swinging Strike
2-1: Fly out, F7 (Line Drive, 78S)
Runner from 3rd tags up, SCORES, no throw
Batting: RHB Sang Hong-Do 0-0: Called Strike
0-1: Fly out, F9 (Line Drive, 9)
Batting: RHB Andrés Gonzáles 0-0: Ball
1-0: Fly out, F9 (Flyball, 9)
Top of the 8th over - 1 run, 2 hits, 0 errors, 2 left on base; Tremont 1 - Tortolita 13
BOTTOM OF THE 8TH
Tortolita Drummers batting - Pitching for Tremont Doubledays : RHP Carlos Costello
Batting: SHB Cash Masters 0-0: Called Strike
0-1: Ground out U3 (Groundball, 34)
Batting: SHB Anthony Hopkins 0-0: Fly out, F3 (Line Drive, 34)
Batting: RHB Santo Alba 0-0: Ball
1-0: Ball
2-0: Ground out 5-3 (Groundball, 56S)
Bottom of the 8th over - 0 runs, 0 hits, 0 errors, 0 left on base; Tremont 1 - Tortolita 13
TOP OF THE 9TH
Tremont Doubledays batting - Pitching for Tortolita Drummers : RHP Brad Cunnick
Batting: RHB Martín Méndez 0-0: Ball
1-0: Called Strike
1-1: Foul Ball, location: 2F
1-2: Ball
2-2: Ground out 4-3 (Groundball, 4)
Batting: RHB Jack Davis 0-0: Foul Ball, location: 2F
0-1: Ball
1-1: Ball
2-1: Called Strike
2-2: Ball
3-2: Base on Balls
Batting: RHB Arturo Morales 0-0: Ball
1-0: Fielders Choice at 2nd, 6-4 (Groundball, 56D)
Batting: RHB Max Berman 0-0: Foul Ball, location: 2F
0-1: Foul Ball, location: 2F
0-2: SINGLE (Groundball, 5D)
Arturo Morales to second
Batting: RHB Sheldon Deshotels 0-0: Ball
1-0: Foul Ball, location: 2F
1-1: Fielders Choice at 2nd, 6-4 (Groundball, 6)
Top of the 9th over - 0 runs, 1 hit, 0 errors, 2 left on base; Tremont 1 - Tortolita 13
Sunday, March 18th, 2018 - OOTP Baseball 18.8 Build 76